 Dungeon Crawl Stone Soup version 0.32-a0-43-g058985b245 (webtiles) character file.

Game seed: 2148737424191393375

58 Ofeo the Sneak (level 4, -1/24 HPs)
             Began as a Kobold Earth Elementalist on Feb 4, 2024.
             Slain by Terence
             ... wielding a +0 mace
              (9 damage)
             ... on level 3 of the Dungeon.
             The game lasted 00:02:24 (2440 turns).

Ofeo the Sneak (Kobold Earth Elementalist)          Turns: 2440, Time: 00:02:25

Health: -1/24      AC:  2    Str:  5    XL:     4   Next: 21%
Magic:  3/8        EV: 15    Int: 16    God:
Gold:   97         SH:  0    Dex: 17    Spells: 1/8 levels left

rFire   . . .        e - +1 short sword
rCold   . . .        k - orb {guile}
rNeg    . . .        a - +0 robe
rPois   .            (no helmet)
rElec   .            (no cloak)
rCorr   +            (no gloves)
SInv    .            (no boots)
Will    .....        (no amulet)
Stlth   ++++         n - ring of resist corrosion
HPRegen 0.24/turn    (no ring)
MPRegen 0.11/turn

%: no passive effects
@: no status effects
A: small, no large weapons, nightstalker 3
a: no special abilities


You were on level 3 of the Dungeon.
You visited 1 branch of the dungeon, and saw 3 of its levels.

You collected 97 gold pieces.

Inventory:

Hand Weapons
 e - a +1 short sword (weapon)
 g - a +0 orcbow
Armour
 a - a +0 robe (worn)
 k - an orb of guile (worn)
Jewellery
 n - a ring of resist corrosion (left hand)
Wands
 m - a wand of flame (18)
Scrolls
 d - 2 scrolls of teleportation {@r3}
 l - 2 scrolls of immolation
Potions
 b - a potion of magic
 c - a potion of brilliance {unknown}
 h - 2 potions of heal wounds {@q2}
 j - 2 potions of ambrosia {unknown}
 s - a potion of haste {@q3}


   Skills:
 - Level 3.1 Dodging
 - Level 3.6 Stealth
 - Level 2.7 Spellcasting
 - Level 1.7 Conjurations
 + Level 3.3 Earth Magic


You had one spell level left.
You knew the following spells:

 Your Spells              Type           Power      Damage    Failure   Level
a - Sandblast             Erth           24%        2d8       4%          1
b - Passwall              Erth           12%        N/A       14%         3
c - Stone Arrow           Conj/Erth      20%        3d8       21%         3

Your spell library contained the following spells:

 Spells                   Type           Power      Damage    Failure   Level
 Brom's Barrelling Bould  Conj/Erth      10%        2d3       54%         4
 Petrify                  Alch/Erth      7%         N/A       67%         4


Dungeon Overview and Level Annotations

Branches:
Dungeon (3/15)

Altars:

Annotations:
D:3 Terence


Innate Abilities, Weirdness & Mutations

You are small and have problems with some larger weapons.
You are completely attuned to the shadows.


Message History

Aiming: Throw Flame
Press: ? - help, Shift-Dir - straight line, f/p - Terence
Aim: Terence, wielding a +0 mace, wearing a +0 chain mail and carrying a wand of flame (heavily wounded, 77% to hit)
The puff of flame hits Terence but does no damage.
Terence is heavily wounded.
Terence hits you with a +0 mace.
You take 5 damage, and have 11/24 hp.
MASSIVE DAMAGE!!
Aiming: Throw Flame
Press: ? - help, Shift-Dir - straight line, f/p - Terence
Aim: Terence, wielding a +0 mace, wearing a +0 chain mail and carrying a wand of flame (heavily wounded, 77% to hit)
The puff of flame hits Terence.
Terence is severely wounded.
Terence zaps a wand.
The puff of flame misses you.
Aiming: Throw Flame
Press: ? - help, Shift-Dir - straight line, f/p - Terence
Aim: Terence, wielding a +0 mace, wearing a +0 chain mail and carrying a wand of flame (severely wounded, 77% to hit)
The puff of flame misses Terence.
Terence says, "Don't bother to defend, it's useless."
Terence barely misses you.
Aiming: Throw Flame
Press: ? - help, Shift-Dir - straight line, f/p - Terence
Aim: Terence, wielding a +0 mace, wearing a +0 chain mail and carrying a wand of flame (severely wounded, 77% to hit)
The puff of flame hits Terence but does no damage.
Terence is severely wounded.
Terence closely misses you.
Aiming: Throw Flame
Press: ? - help, Shift-Dir - straight line, f/p - Terence
Aim: Terence, wielding a +0 mace, wearing a +0 chain mail and carrying a wand of flame (severely wounded, 77% to hit)
The puff of flame hits Terence.
Terence is severely wounded.
Terence hits you with a +0 mace.
You take 3 damage, and have 8/24 hp.
Aiming: Throw Flame
Press: ? - help, Shift-Dir - straight line, f/p - Terence
Aim: Terence, wielding a +0 mace, wearing a +0 chain mail and carrying a wand of flame (severely wounded, 77% to hit)
The puff of flame hits Terence.
Terence is almost dead.
Terence hits you with a +0 mace!
You die...
Terence says, "Rest in peace."

#.#.#.# ##.#.#. .[...
#. #.#.# #. #.#.# #.
#.#.# ###.##.#.#.#
....@#.#.#.#.#.##..#
...@...#.#)#.#.##..#
.....#...#.#.#.##.[#
.....#.#...#.#.##..##
.....#.#.#†..#.##....
#.#.#...#....###
#.#.#.#.........
#.#.#.#.(...####
#.#.#.#.........


You could see Terence.

Vanquished Creatures
  2 adders (D:2)
  A ribbon worm (D:3)
  4 dart slugs
  2 ball pythons
  An endoplasm (D:3)
  A goblin (D:1)
  3 hobgoblins
  2 jackals (D:3)
  2 quokkas
  3 bats
  2 frilled lizards (D:1)
  6 kobolds
29 creatures vanquished.

Notes
Turn   | Place    | Note
-------+----------+-------------------------------------------
     0 | D:1      | Ofeo the Kobold Earth Elementalist began the quest for the
                  | Orb.
     0 | D:1      | Reached XP level 1. HP: 10/10 MP: 3/3
   233 | D:1      | Reached XP level 2. HP: 15/15 MP: 1/5
  1006 | D:2      | Reached XP level 3. HP: 19/19 MP: 2/6
  1223 | D:2      | Learned a level 3 spell: Passwall
  1227 | D:2      | Learned a level 3 spell: Stone Arrow
  1896 | D:2      | Reached XP level 4. HP: 24/24 MP: 6/8
  1982 | D:2      | Found a faded altar of an unknown god.
  2416 | D:3      | Noticed Terence
  2440 | D:3      | Slain by Terence

Illustrated notes

Levels and vault maps discovered:
D:1:      dpeg_arrival_short_road, layout_rooms, serial_curves, eino_curves_03,
          eino_curves_01, minmay_stone_trees_small
D:2:      layout_basic, hellmonk_ecumenical_altar_prayer_group,
          minmay_door_square, minmay_pentomino_pile
D:3:      layout_basic, uniq_ijyb, uniq_crazy_yiuf_cottage, uniq_terence

Skill      XL: |  1  2  3 |
---------------+----------+-----
Stealth        | 3 |  3.6
Dodging        | 3 |  3.1
Spellcasting   | |  2.7
Conjurations   | |  1.7
Earth Magic    | |  3.3

Action                     |  1- 3 |  4- 6 || total
---------------------------+-------+-------++-------
  Melee: Unarmed           |     4 |       ||     4
         Short sword       |       |     1 ||     1
   Cast: Sandblast         |    33 |     6 ||    39
         Passwall          |       |     2 ||     2
  Evoke: Wand              |       |     8 ||     8
    Use: Scroll            |       |     6 ||     6
   Stab: Sleeping          |     1 |     1 ||     2
 Armour: Robe              |     1 |     4 ||     5
  Dodge: Dodged            |     7 |     5 ||    12

Table legend: (Time is in decaauts)
 A = Elapsed time spent in this place.
 B = Non-inter-level travel time spent in this place.
 C = Inter-level travel time spent in this place.
 D = Time resting spent in this place.
 E = Time spent auto-exploring this place.
 F = Levels seen in this place.
 G = Mean time per level.
                   A        B        C        D        E       F      G
               +--------+--------+--------+--------+--------+-----+--------+
         Total |   2458 |   2398 |     60 |    100 |   2110 |   3 |  819.3 |
       Dungeon |   2458 |   2398 |     60 |    100 |   2110 |   3 |  819.3 |
               +--------+--------+--------+--------+--------+-----+--------+

Top non-repeatable levels by time:
     D:2: 1156 daAuts
     D:1: 983 daAuts
     D:3: 317 daAuts
